 Dungeon Crawl Stone Soup version 0.27-a0-277-g024f7ef292 (webtiles) character file.

Game seed: 1825481553211939253

37 Ge0ff the Cudgeller (level 3, 0/27 HPs)
             Began as a Demonspawn Warper on Feb 6, 2021.
             Succumbed to an adder's poison
             ... on level 2 of the Dungeon.
             The game lasted 00:05:48 (1669 turns).

Ge0ff the Cudgeller (Demonspawn Warper)             Turns: 1669, Time: 00:05:49

Health: 0/27       AC:  3    Str: 12    XL:     3   Next: 21%
Magic:  15/15      EV: 11    Int: 14    God:
Gold:   46         SH:  0    Dex: 12    Spells: 6/6 levels left

rFire    + . .     SeeInvis .   a - +0 mace
rCold    . . .     Faith    .   (no shield)
rNeg     . . .     Spirit   .   M - +0 leather armour
rPois    .         Reflect  .   (no helmet)
rElec    .         Harm     .   (no cloak)
rCorr    .         Rampage  .   (no gloves)
Will     .....                  (no boots)
Stlth    +.........             (no amulet)
HPRegen  0.09/turn              I - ring of protection from fire
MPRegen  0.28/turn              P - ring of magical power {=R}

@: brilliant, lethally poisoned (0 -> -10), very slightly contaminated,
invisible
A: magic regeneration
a: no special abilities


You were on level 2 of the Dungeon.
You visited 1 branch of the dungeon, and saw 2 of its levels.

You collected 46 gold pieces.

Inventory:

Hand Weapons
 a - a +0 mace (weapon)
 b - a +0 hunting sling
Missiles
 e - 5 boomerangs of dispersal
 F - 41 stones (quivered)
 K - 13 arrows
 L - 9 poisoned darts
 O - 7 boomerangs
Armour
 J - a cursed +0 plate armour
 M - a +0 leather armour (worn)
Jewellery
 I - a ring of protection from fire (left hand)
 P - a ring of magical power (right hand) {=R}
Scrolls
 B - a scroll of blinking
 C - 2 scrolls of remove curse
 H - 2 scrolls of teleportation {unknown}


   Skills:
 + Level 2.0 Fighting
 - Level 3.3 Maces & Flails
 - Level 0.8 Throwing
 - Level 0.8 Armour
 - Level 1.7 Dodging
 - Level 2.0 Spellcasting
 - Level 2.6 Translocations


You had 6 spell levels left.
You didn't know any spells.
Your spell library contained the following spells:

 Spells                   Type           Power        Failure   Level
 Blink                    Tloc           N/A          16%         2
 Gell's Gravitas          Tloc           6%           30%         3
 Lesser Beckoning         Tloc           6%           30%         3
 Teleport Other           Tloc           13%          30%         3
 Passage of Golubria      Tloc           N/A          69%         4


Dungeon Overview and Level Annotations

Branches:
Dungeon (2/15)

Altars:


Innate Abilities, Weirdness & Mutations

You regenerate magic rapidly.


Message History

The adder is heavily wounded.
* * * LOW HITPOINT WARNING * * *
You feel sick. The adder barely misses you. The adder closely misses you.
You hit the adder.
The adder is almost dead.
The adder bites you but does no damage.
You miss the adder.
The adder is almost dead.
The adder bites you.
* * * LOW HITPOINT WARNING * * *
You are more poisoned.
The adder poisons you! The adder barely misses you.
You closely miss the adder.
The adder is almost dead.
* * * LOW HITPOINT WARNING * * *
You feel sick. The adder bites you.
* * * LOW HITPOINT WARNING * * *
You hit the adder.
You kill the adder!
You die...

###.....##.# #.#
##>..###.# #.# ..
#.....##.## #.# ..
###.###.#...#####.#
S# ....#
#...........# .#
###.###.#...#######
.# #.....##.##### =#
###....).....#####.#
######......@....#
#####.####### #.#
#.# #.# #.# ###.#
#...# #.###


There were no monsters in sight!

Vanquished Creatures
  2 adders (D:2)
  2 leopard geckos (D:1)
  2 bats (D:1)
  2 giant cockroaches
  2 goblins (D:1)
  A hobgoblin (D:1)
  6 jackals (D:2)
  3 kobolds (D:1)
  2 frilled lizards
22 creatures vanquished.

Vanquished Creatures (others)
  3 plants (D:2)
3 creatures vanquished.

Grand Total: 25 creatures vanquished

Notes
Turn   | Place    | Note
-------+----------+-------------------------------------------
     0 | D:1      | Ge0ff the Demonspawn Warper began the quest for the Orb.
     0 | D:1      | Reached XP level 1. HP: 16/16 MP: 3/3
   169 | D:1      | Reached skill level 2 in Maces & Flails
   589 | D:1      | Gained mutation: You regenerate magic rapidly. [demonic
                  | ancestry]
   589 | D:1      | Reached XP level 2. HP: 22/22 MP: 5/5
  1352 | D:2      | Reached skill level 3 in Maces & Flails
  1652 | D:2      | Reached XP level 3. HP: 14/27 MP: 6/6
  1668 | D:2      | HP: 1/27 [adder (1)]
  1669 | D:2      | Succumbed to an adder's poison

Illustrated notes

Levels and vault maps discovered:
D:1:      nzn_arrival_crosshair, layout_basic
D:2:      layout_loops_ring, serial_forest, infiniplex_forest_end_3,
          infiniplex_forest_straight_2, infiniplex_forest_lined_3_way,
          infiniplex_forest_clump_tiny, infiniplex_forest_straight_3,
          infiniplex_forest_clump_tiny, chequers_ecumenical_altar_twisty,
          chequers_hall_statues_corner_a, uniq_crazy_yiuf_cottage, uniq_natasha,
          uniq_terence, uniq_jessica, uniq_sigmund

Skill      XL: |  1  2 |
---------------+-------+-----
Maces & Flails | 2 3 |  3.3
Fighting       | |  2.0
Throwing       | |  0.8
Armour         | |  0.8
Dodging        | |  1.7
Spellcasting   | |  2.0
Translocations | |  2.6

Action                   || total
-------------------------++-------
Melee: Mace              ||   110
Throw: Stone             ||    33
  Use: Scroll            ||     3
       Potion            ||     4
Armor: Leather armour    ||    32
Dodge: Dodged            ||    82

Table legend: (Time is in decaauts)
 A = Elapsed time spent in this place.
 B = Non-inter-level travel time spent in this place.
 C = Inter-level travel time spent in this place.
 D = Time resting spent in this place.
 E = Time spent auto-exploring this place.
 F = Levels seen in this place.
 G = Mean time per level.
                   A        B        C        D        E       F      G
               +--------+--------+--------+--------+--------+-----+--------+
         Total |   1696 |   1685 |     11 |    597 |    275 |   2 |  848.0 |
       Dungeon |   1696 |   1685 |     11 |    597 |    275 |   2 |  848.0 |
               +--------+--------+--------+--------+--------+-----+--------+

Top non-repeatable levels by time:
     D:1: 1190 daAuts
     D:2: 506 daAuts
